 Dungeon Crawl Stone Soup version 0.25.1-2-g60ff931df9 (webtiles) character file.

Game seed: 2833930140723126913

717292 Peloso the Minotaur Barricade (level 27, -6/245 HPs)
             Began as a Minotaur Fighter on Aug 21, 2020.
             Was the Champion of Okawaru.
             Killed from afar by a shadow dragon zombie (24 damage)
             ... with an exploding inner flame
             ... hexed by the player character
             ... on level 20 of a ziggurat.
             The game lasted 04:58:49 (84854 turns).

Peloso the Minotaur Barricade (Minotaur Fighter)   Turns: 84854, Time: 04:58:50

Health: -6/245     AC: 54    Str: 45    XL:     27
Magic:  43/43      EV: 20    Int: 11    God:    Okawaru [******]
Gold:   7239       SH: 37    Dex: 20    Spells: 30/30 levels left

rFire    + . .     SeeInvis +   b - +6 double sword (holy)
rCold    + + .     Gourm    .   c - +1 tower shield "Dadilen" {rC+ Regen+ Dex+4 SInv}
rNeg     + + .     Faith    .   A - +10 gold dragon scales
rPois    +         Spirit   .   q - +4 hat of Okawaru's Whim {rC- Regen+ Str+6 SInv}
rElec    +         Reflect  +   G - +4 dragonskin cloak
rCorr    +         Harm     .   t - +1 pair of gloves {Str+3}
MR       ++...                  n - +2 pair of boots {run}
Stlth    ..........             m - amulet of Cochom {Reflect Slay+4 SH+5}
HPRegen  1.30/turn              j - ring "Xidwougg" {rN+ Int+6}
MPRegen  0.28/turn              F - ring "Icwat" {rElec MP+9 Str+4 Dex+4}

@: heroism, very slightly contaminated, quick
A: retaliatory headbutt, horns 2, frail 1
}: 3/15 runes: decaying, silver, gossamer
a: Heroism, Finesse, Renounce Religion


You were on level 20 of a ziggurat.
You worshipped Okawaru.
Okawaru was exalted by your worship.
You were not hungry.

You visited 12 branches of the dungeon, and saw 53 of its levels.
You visited 1 ziggurat, and saw 20 of its levels.
You also visited: Gauntlet and Ice Cave.

You collected 11083 gold pieces.
You spent 3844 gold pieces at shops.

Inventory:

Hand Weapons
 a - a +9 double sword of flaming
 b - a +6 double sword of holy wrath (weapon)
 L - the +8 hand crossbow "Jogeum" {speed, MP+9 Dex+6}
   (You found it on level 3 of the Elven Halls)

   Attacks with this weapon are significantly faster.
   It affects your dexterity (+6).
   It affects your magic capacity (+9).
Missiles
 C - 1733 bolts
Armour
 c - the +1 tower shield "Dadilen" (worn) {rC+ Regen+ Dex+4 SInv}
   (Okawaru gifted it to you on level 2 of the Depths)

   It affects your dexterity (+4).
   It protects you from cold.
   It lets you see invisible.
   It increases your rate of regeneration.
 n - a +2 pair of boots of running (worn)
 q - the +4 hat of Okawaru's Whim (worn) {rC- Regen+ Str+6 SInv}
   (Okawaru gifted it to you on level 2 of the Vaults)

   It affects your strength (+6).
   It makes you vulnerable to cold.
   It lets you see invisible.
   It increases your rate of regeneration.
 t - a +1 pair of gloves of strength (worn)
 x - the +2 ratskin cloak {+Rats rPois rN+ Str-1 Int-1 Dex+1}
   (You found it on level 9 of a ziggurat)

   It affects your strength (-1).
   It affects your intelligence (-1).
   It affects your dexterity (+1).
   It protects you from poison.
   It protects you from negative energy.
 z - the +10 tower shield of Ignorance {rN+ Int-4}
   (You found it on level 18 of a ziggurat)

   It affects your intelligence (-4).
   It protects you from negative energy.
 A - +10 gold dragon scales (worn)
 G - the +4 dragonskin cloak (worn)
   (You took it off Tiamat on level 3 of the Realm of Zot)
 O - the +1 cloak of the Harvest {+Inv rCorr Str+5}
   (You found it on level 12 of a ziggurat)

   It affects your strength (+5).
   It lets you turn invisible.
   It provides partial protection from all sources of acid and corrosion.
 Q - the +2 cloak "Zehub" {MR+ rCorr}
   (You found it on level 12 of a ziggurat)

   It affects your resistance to hostile enchantments.
   It provides partial protection from all sources of acid and corrosion.
Jewellery
 d - the ring "Vorulai" {rElec Str+4 Stlth+}
   (You found it on level 2 of a ziggurat)

   [ring of stealth]

   It affects your strength (+4).
   It insulates you from electricity.
   It makes you more stealthy.
 j - the ring "Xidwougg" (left hand) {rN+ Int+6}
   (You took it off a minotaur in a Gauntlet)

   [ring of intelligence]

   It affects your intelligence (+6).
   It protects you from negative energy.
 m - the amulet of Cochom (around neck) {Reflect Slay+4 SH+5}
   (You took it off a deep elf mage on level 3 of the Elven Halls)

   [amulet of reflection]

   It shields you and reflects attacks.
   It affects your accuracy and damage with ranged weapons and melee attacks
   (+4).
   It affects your SH (+5).
 r - the ring "Feom" {rCorr Dex+2}
   (You took it off a deep elf elementalist on level 3 of the Elven Halls)

   [ring of resist corrosion]

   It affects your dexterity (+2).
   It provides partial protection from all sources of acid and corrosion.
 y - the ring "Lafrek" {rElec rF+ rC- rN+ EV+4}
   (You found it on level 16 of a ziggurat)

   [ring of evasion]

   It affects your evasion (+4).
   It protects you from fire.
   It makes you vulnerable to cold.
   It insulates you from electricity.
   It protects you from negative energy.
 B - the ring of Kaininu {rC+ Str+4 Int+4}
   (You found it on level 5 of a ziggurat)

   [ring of protection from cold]

   It affects your strength (+4).
   It affects your intelligence (+4).
   It protects you from cold.
 F - the ring "Icwat" (right hand) {rElec MP+9 Str+4 Dex+4}
   (You took it off an orc warrior on level 2 of the Orcish Mines)

   [ring of magical power]

   It affects your strength (+4).
   It affects your dexterity (+4).
   It insulates you from electricity.
   It affects your magic capacity (+9).
 J - the ring "Vafuv" {rPois rN+ Str+4}
   (You found it on level 8 of a ziggurat)

   [ring of poison resistance]

   It affects your strength (+4).
   It protects you from poison.
   It protects you from negative energy.
 U - the ring "Kaurait" {rElec rPois Str+3 Int-2 Slay+2}
   (You found it on level 14 of a ziggurat)

   [ring of poison resistance]

   It affects your strength (+3).
   It affects your intelligence (-2).
   It affects your accuracy and damage with ranged weapons and melee attacks
   (+2).
   It insulates you from electricity.
   It protects you from poison.
 Z - the ring of Law {+Fly rF+ MR++ Stlth+}
   (You took it off a guardian mummy on level 3 of the Crypt)

   [ring of flight]

   It protects you from fire.
   It affects your resistance to hostile enchantments.
   It lets you fly.
   It makes you more stealthy.
Wands
 k - a wand of digging (8)
 l - a wand of acid (5)
 P - a wand of flame (17)
Scrolls
 e - 3 scrolls of immolation
 i - 31 scrolls of teleportation
 o - 7 scrolls of blinking
 s - 24 scrolls of remove curse
 v - 5 scrolls of identify
 H - 3 scrolls of fog
 M - a scroll of silence
 S - 2 scrolls of amnesia
 T - 9 scrolls of magic mapping
 V - 7 scrolls of fear
 W - a scroll of brand weapon
 X - 6 scrolls of noise
Potions
 g - 10 potions of curing
 h - 11 potions of haste
 p - 10 potions of stabbing
 u - 6 potions of flight
 D - 2 potions of berserk rage
 E - 4 potions of resistance
 K - 10 potions of might
 N - a potion of magic
 R - 8 potions of mutation
Comestibles
 f - 92 rations


   Skills:
 O Level 27 Fighting
 O Level 27 Long Blades
   Level 3.5(9.3) Slings
 + Level 14.6(19.6) Crossbows
 + Level 3.3(9.0) Throwing
 O Level 27 Armour
 + Level 10.3(15.3) Dodging
 + Level 6.2(11.2) Stealth
 O Level 27 Shields
 + Level 3.9(8.9) Unarmed Combat
 + Level 2.2 Spellcasting
 + Level 16.6 Invocations
 + Level 4.6 Evocations


You had 30 spell levels left.
You didn't know any spells.
Your spell library contained the following spells:

 Spells                   Type           Power        Failure   Level  Hunger
 Animate Skeleton         Necr           N/A          65%         1    ##.....
 Apportation              Tloc           #.....       65%         1    ##.....
 Beastly Appendage        Tmut           #.....       65%         1    ##.....
 Corona                   Hex            #......      65%         1    ##.....
 Foxfire                  Conj/Fire      #...         65%         1    ##.....
 Infusion                 Chrm           #...         65%         1    ##.....
 Magic Dart               Conj           #...         65%         1    ##.....
 Pain                     Necr           #...         65%         1    ##.....
 Sandblast                Erth           #.....       65%         1    ##.....
 Shock                    Conj/Air       #...         65%         1    ##.....
 Sting                    Tmut/Pois      #...         65%         1    ##.....
 Summon Butterflies       Summ           #.......     65%         1    ##.....
 Summon Small Mammal      Summ           #...         65%         1    ##.....
 Blink                    Tloc           N/A          80%         2    ###....
 Call Imp                 Summ           #.......     80%         2    ###....
 Corpse Rot               Necr/Air       N/A          80%         2    ###....
 Ensorcelled Hibernation  Hex/Ice        #.....       80%         2    ###....
 Passwall                 Tmut/Erth      #.......     80%         2    ###....
 Poisonous Vapours        Pois/Air       #.....       80%         2    ###....
 Shroud of Golubria       Chrm/Tloc      #.....       80%         2    ###....
 Slow                     Hex            #.......     80%         2    ###....
 Sticks to Snakes         Tmut           #.......     80%         2    ###....
 Sublimation of Blood     Necr           #.........   80%         2    ###....
 Swiftness                Chrm/Air       #.......     80%         2    ###....
 Call Canine Familiar     Summ           #.......     95%         3    ####...
 Confusing Touch          Hex            #.......     95%         3    ####...
 Conjure Flame            Conj/Fire      #.......     95%         3    ####...
 Dazzling Flash           Conj/Hex       #.....       95%         3    ####...
 Frozen Ramparts          Ice            #.....       95%         3    ####...
 Gell's Gravitas          Tloc           #.........   95%         3    ####...
 Ignite Poison            Fire/Tmut/Pois #.......     95%         3    ####...
 Inner Flame              Hex/Fire       #.......     95%         3    ####...
 Lesser Beckoning         Tloc           #.........   95%         3    ####...
 Mephitic Cloud           Conj/Pois/Air  #.......     95%         3    ####...
 Ozocubu's Armour         Chrm/Ice       #.......     95%         3    ####...
 Portal Projectile        Hex/Tloc       #.....       95%         3    ####...
 Recall                   Summ/Tloc      N/A          95%         3    ####...
 Spider Form              Tmut/Pois      #.........   95%         3    ####...
 Static Discharge         Conj/Air       #.......     95%         3    ####...
 Stone Arrow              Conj/Erth      #.....       95%         3    ####...
 Summon Guardian Golem    Hex/Summ       #.......     95%         3    ####...
 Teleport Other           Tloc           #.......     95%         3    ####...
 Tukima's Dance           Hex            #.......     95%         3    ####...
 Vampiric Draining        Necr           #.........   95%         3    ####...
 Airstrike                Air            #.........   100%        4    #####..
 Animate Dead             Necr           N/A          100%        4    #####..
 Cause Fear               Hex            #.........   100%        4    #####..
 Dispel Undead            Necr           #.......     100%        4    #####..
 Hailstorm                Conj/Ice       #.......     100%        4    #####..
 Ice Form                 Ice/Tmut       #.......     100%        4    #####..
 Iskenderun's Mystic Bla  Conj/Tloc      #.......     100%        4    #####..
 Leda's Liquefaction      Hex/Erth       #.........   100%        4    #####..
 Olgreb's Toxic Radiance  Pois           #.......     100%        4    #####..
 Passage of Golubria      Tloc           N/A          100%        4    #####..
 Petrify                  Tmut/Erth      #.......     100%        4    #####..
 Sticky Flame             Conj/Fire      #.......     100%        4    #####..
 Summon Ice Beast         Ice/Summ       #.......     100%        4    #####..
 Summon Lightning Spire   Summ/Air       #.......     100%        4    #####..
 Agony                    Necr           #.......     100%        5    ######.
 Alistair's Intoxication  Tmut/Pois      #.......     100%        5    ######.
 Aura of Abjuration       Summ           #.........   100%        5    ######.
 Blade Hands              Tmut           #.........   100%        5    ######.
 Bolt of Magma            Conj/Fire/Erth #.........   100%        5    ######.
 Borgnjor's Vile Clutch   Necr/Erth      #.........   100%        5    ######.
 Excruciating Wounds      Chrm/Necr      #.........   100%        5    ######.
 Fireball                 Conj/Fire      #.........   100%        5    ######.
 Irradiate                Conj/Tmut      #.........   100%        5    ######.
 Iskenderun's Battlesphe  Conj/Chrm      #.......     100%        5    ######.
 Lee's Rapid Deconstruct  Erth           #.........   100%        5    ######.
 Lightning Bolt           Conj/Air       #.........   100%        5    ######.
 Metabolic Englaciation   Hex/Ice        #.........   100%        5    ######.
 Silence                  Hex/Air        #.........   100%        5    ######.
 Summon Demon             Summ           #.........   100%        5    ######.
 Summon Forest            Summ/Tloc      #.........   100%        5    ######.
 Summon Mana Viper        Hex/Summ       #.......     100%        5    ######.
 Yara's Violent Unravell  Hex/Tmut       #.........   100%        5    ######.
 Conjure Ball Lightning   Conj/Air       #.........   100%        6    #######
 Darkness                 Hex            #.........   100%        6    #######
 Death Channel            Necr           #.........   100%        6    #######
 Dispersal                Tloc           #.........   100%        6    #######
 Freezing Cloud           Conj/Ice/Air   #.........   100%        6    #######
 Hydra Form               Tmut           #.........   100%        6    #######
 Invisibility             Hex            #.......     100%        6    #######
 Iron Shot                Conj/Erth      #.........   100%        6    #######
 Ozocubu's Refrigeration  Ice            #.........   100%        6    #######
 Shadow Creatures         Summ           N/A          100%        6    #######
 Simulacrum               Ice/Necr       #.........   100%        6    #######
 Statue Form              Tmut/Erth      #........    100%        6    #######
 Dragon Form              Tmut           #.........   100%        7    #######
 Haunt                    Necr/Summ      #.........   100%        7    #######
 Ring of Flames           Chrm/Fire      #.........   100%        7    #######
 Spellforged Servitor     Conj/Summ      #.........   100%        7    #######
 Summon Hydra             Summ           #.........   100%        7    #######
 Borgnjor's Revivificati  Necr           #.........   100%        8    #######
 Controlled Blink         Tloc           N/A          100%        8    #######
 Death's Door             Chrm/Necr      #.........   100%        8    #######
 Discord                  Hex            #.........   100%        8    #######
 Disjunction              Tloc           #.........   100%        8    #######
 Ignition                 Fire           #.........   100%        8    #######
 Infestation              Necr           #.........   100%        8    #######
 Necromutation            Tmut/Necr      #.........   100%        8    #######
 Shatter                  Erth           #.........   100%        9    #######
 Tornado                  Air            #.........   100%        9    #######


Dungeon Overview and Level Annotations

Branches:
Dungeon (15/15)            Temple (1/1) D:5            Lair (6/6) D:9
  Swamp (4/4) Lair:3       Spider (4/4) Lair:3        Slime (0/5) Lair:5
    Orc (2/2) D:11            Elf (3/3) Orc:2        Vaults (5/5) D:14
  Crypt (3/3) Vaults:2       Tomb (0/3) Crypt:3      Depths (5/5) D:15
   Hell (visited)             Zot (4/5) Depths:5      IceCv (visited)
Gauntlet (visited)
    Dis: Hell:1         Geh: Hell:1         Coc: Hell:1         Tar: Hell:1

Altars:
Cheibriados
Dithmenos
Elyvilon
Fedhas
Hepliaklqana
Kikubaaqudgha
Makhleb
Nemelex Xobeh
Okawaru
Qazlal
Ru
Sif Muna
Trog
Uskayaw
Vehumet
Wu Jian
Xom
Yredelemnul
The Shining One

Shops:
D:4 !   D:9 [   Orc:1 !%(   Orc:2 *[%:   Elf:2 [   Vaults:3 [   Vaults:4 [
Depths:1 }(   Depths:4 }}=

Portals:
Hell: Depths:1 Depths:2 Depths:3 Depths:4 Depths:5
Abyss: Depths:1 Depths:3 Depths:4
Pandemonium: Orc:2 Depths:2 Depths:3 Depths:4


Innate Abilities, Weirdness & Mutations

You reflexively headbutt those who attack you in melee.
You have a pair of horns on your head.
You are frail. (-10% HP)


Message History

The freezing wraith is burned terribly!
Flame seeps out of the freezing wraith.
The freezing wraith is moderately damaged.
The fiery explosion engulfs you. You resist.
* * * LOW HITPOINT WARNING * * *
The fiery explosion engulfs the reaper!!
Flame seeps out of the reaper.
The reaper is moderately wounded.
The fiery explosion engulfs the freezing wraith!!!
The freezing wraith is burned terribly!
The freezing wraith explodes!
The fiery explosion engulfs the reaper!!
Flame seeps out of the reaper.
The reaper is severely wounded.
Okawaru accepts your kill.
The fiery explosion engulfs you but does no damage.
The fiery explosion engulfs the reaper!!
The reaper explodes!
Okawaru accepts your kill. x2
The fiery explosion engulfs you!! You resist.
You die...

...................▓
...........88.88....▓▓
...........^8.8^.....▓
.....................▓▓
....5..§§§.....Z....5.▓
.....2§§§§.......Z....▓
.....§§§§§W...........▓
.....ZZ@°§2..Z........▓▓
.....§§§§§Z...W.ZW..∩.Z▓
.4...22W§.....M..§....▓▓
.......z....(..M§§...§▓
......2......(..§§§5..▓
......Z.......2§§.§...▓
.....Z.........§4§2..▓▓
.......5.W.^8.8§§2§..▓
........§.88○88○...▓▓


You could see a reaper (inner flame), 3 blizzard demons, a skeletal warrior
(inner flame), an ice devil (inner flame), 4 freezing wraiths, 2 tormentors, a
mummy (inner flame), 2 white imps, 3 shadow dragon zombies, a titan zombie
(inner flame), a quicksilver dragon skeleton (inner flame) and a caustic shrike
skeleton (inner flame).

Vanquished Creatures
  2 ancient liches
  Tiamat (Zot:3)
  Mara (Swamp:4)
  Mennas (Vaults:1)
  The ghost of Weanat the Warrior, a veteran CeHu of the Shining One (Crypt:1)
  Sojobo (Vaults:2)
  3 greater mummies
  5 Killer Klowns
  6 caustic shrikes
  Bai Suzhen (Swamp:4)
  Margery (Vaults:4)
  2 curse toes
  Geryon (Hell)
  8 golden dragons
  A bone dragon (Zig:9)
  14 liches
  5 electric golems
  The ghost of Uwun Dum the Prestidigitator, an adept GnWz of Cheibriados (Spider:4)
  16 tentacled monstrosities
  An Ice Fiend (Zig:20)
  A shard shrike skeleton (Crypt:3)
  3 deep elf master archers
  5 titans
  11 quicksilver dragons
  4 deep elf blademasters (Zig:19)
  Frances (D:12)
  3 ancient champions
  9 sphinxes
  2 tentacled starspawn (Zig:9)
  3 death cobs
  8 acid blobs
  9 tengu reavers
  The ghost of Irphifebats the Brawler, an adept TrMo of Nemelex Xobeh (Depths:3)
  12 shadow dragons
  4 thorn hunters
  Donald (Elf:3)
  13 storm dragons
  7 draconian monks
  8 revenants
  Roxanne (Spider:4)
  3 azure jellies
  The ghost of Qeuhog the Thaumaturge, an adept GnSk of Makhleb (Swamp:2)
  11 fire giants
  3 draconian knights
  14 frost giants
  3 iron dragons
  5 deep elf sorcerers
  3 draconian shifters
  13 vault wardens
  An orc warlord (Vaults:5)
  Aizul (Swamp:4)
  2 juggernaut zombies
  3 deep elf elementalists (Elf:3)
  7 draconian scorchers
  Louise (Elf:3)
  17 ghost moths
  A curse skull (Hell)
  7 emperor scorpions
  The ghost of sirjames the Severer, a journeyman MiFi of Gozag (Orc:2)
  2 spriggan defenders (Depths:4)
  3 draconian stormcallers
  10 ironheart preservers
  7 draconian annihilators
  3 ghouls
  6 reapers
  2 war gargoyles (Zig:12)
  11 entropy weavers
  A juggernaut skeleton (Zig:14)
  3 small abominations
  20 stone giants
  24 very ugly things
  13 black draconians
  7 red draconians
  A caustic shrike skeleton (Zig:12)
  14 deep elf demonologists
  9 vampire knights
  10 deep elf annihilators
  8 green draconians
  8 white draconians
  15 purple draconians
  18 spark wasps
  3 yellow draconians
  A minotaur (Gauntlet)
  6 eidola
  A merfolk javelineer (Zig:6)
  A dire elephant (Lair:6)
  19 ettins
  13 deep elf death magi
  5 green deaths
  18 fire dragons
  The ghost of harness the Unseen, a journeyman FeIE of Uskayaw (Spider:3)
  A crystal guardian (Vaults:1)
  5 death oozes
  10 deep elf high priests
  10 mummy priests
  23 jiangshi
  Josephine (D:11)
  A fire dragon (shapeshifter) (Vaults:4)
  Fannar (Lair:2)
  10 great orbs of eyes
  26 yaktaur captains
  7 ice dragons
  7 rakshasas
  A monstrous demonspawn (Depths:4)
  27 hydras
  A catoblepas (Lair:6)
  Erica (D:11)
  2 merfolk aquamancers (Zig:6)
  43 vault guards
  5 ghost crabs
  3 shambling mangroves
  12 spriggan air magi
  14 centaur warriors
  13 deep troll shamans
  14 alligators
  4 death scarabs
  10 ogre magi
  An anaconda (shapeshifter) (Depths:3)
  34 two-headed ogres
  10 tengu warriors
  39 dancing weapons
  An anaconda (Zig:4)
  2 death knights
  14 vampire magi
  12 deep troll earth magi
  5 death yaks (Lair:6)
  Urug (D:11)
  A titan zombie (Zig:14)
  A thrashing horror (Zig:10)
  6 orc high priests
  3 storm dragon zombies
  4 shock serpents (Zig:17)
  2 shock serpents (shapeshifter)
  4 spriggan berserkers
  17 deep elf knights
  3 soul eaters
  3 sun demons
  2 wretched stars
  7 shadow wraiths
  2 death drakes (Zig:13)
  12 hell knights
  A spatial maelstrom (Zig:10)
  2 golden dragon zombies
  6 glowing orange brains
  13 skeletal warriors
  2 storm dragon skeletons
  An unseen horror (D:15)
  3 spriggan druids
  42 deep trolls
  A sea snake (shapeshifter) (D:13)
  A death drake (shapeshifter) (Depths:4)
  2 gelid demonspawn
  A shadow demon (Depths:4)
  7 wizards
  A glowing orange brain (shapeshifter) (Depths:2)
  2 torturous demonspawn (Orc:2)
  10 flayed ghosts
  An infernal demonspawn (Orc:2)
  17 ironbrand convokers
  4 swamp dragons
  A swamp dragon (shapeshifter) (Depths:2)
  16 deep elf archers
  A sea snake (Zig:6)
  11 necromancers
  2 tengu zombies
  12 phantasmal warriors
  A sphinx zombie (Hell)
  Pikel (D:5)
  4 harpies
  A harpy (shapeshifter) (Depths:1)
  A naga ritualist (Zig:4)
  3 frost giant zombies
  86 deep elf magi
  27 wolf spiders
  15 orb spiders
  A fire giant zombie (Zig:12)
  2 shadow dragon skeletons
  A manticore (shapeshifter) (Zig:8)
  2 shining eyes (Zig:11)
  9 cyclopes
  19 orc knights
  57 ugly things
  A tengu skeleton (Zig:20)
  A stone giant zombie (Hell)
  13 orc sorcerers
  25 moths of wrath
  A moth of wrath (shapeshifter) (Vaults:3)
  A wolf spider (shapeshifter) (Zig:8)
  3 human zombies
  2 iron dragon skeletons
  6 large abominations
  A manticore (Zig:6)
  A glowing shapeshifter (Vaults:4)
  A guardian serpent (Zig:10)
  A guardian serpent (shapeshifter) (Depths:3)
  2 stone giant skeletons
  A fire giant skeleton (Depths:1)
  A spriggan zombie (Hell)
  5 human skeletons
  A water nymph (shapeshifter) (Zig:8)
  3 ice statues (IceCv)
  20 elephants
  11 rust devils
  An eye of devastation (Zig:11)
  2 black mambas (shapeshifter)
  4 orange demons
  5 smoke demons
  2 torpor snails (shapeshifter)
  A gargoyle (D:12)
  A dire elephant zombie (Crypt:3)
  A purple draconian zombie (Crypt:1)
  13 vault sentinels
  3 spriggan skeletons (Zig:20)
  6 torpor snails
  A kobold demonologist (D:11)
  22 spiny frogs
  2 hellions
  2 rime drakes
  18 demonic crawlers
  A red draconian zombie (Crypt:1)
  5 tormentors
  8 black mambas
  A minotaur zombie (Gauntlet)
  A rime drake (shapeshifter) (Depths:5)
  2 yaktaur zombies
  2 efreet
  5 komodo dragons
  68 yaktaurs
  A hellwing (Depths:3)
  4 ice devils
  A black draconian zombie (Hell)
  A grey draconian skeleton (Crypt:3)
  41 guardian mummies
  3 ancient zymes
  11 freezing wraiths
  4 spectral deep trolls (Crypt:1)
  8 tengu conjurers
  A black draconian skeleton (Crypt:2)
  6 trolls
  4 red devils
  A yellow draconian skeleton (Crypt:2)
  2 wind drakes (shapeshifter) (Vaults:1)
  5 merfolk (Zig:6)
  A merfolk (shapeshifter) (Depths:2)
  35 jumping spiders
  A polar bear (Lair:3)
  15 blink frogs
  12 tyrant leeches
  32 hornets
  4 fire dragon zombies (Hell)
  Grinder (D:6)
  8 hippogriffs
  7 raiju
  A jumping spider zombie (Crypt:3)
  A slime creature (shapeshifter) (Vaults:4)
  58 slime creatures
  7 dream sheep (Lair:6)
  A hornet (shapeshifter) (Vaults:5)
  13 bog bodies
  An alligator zombie (Crypt:1)
  2 snapping turtles (Zig:6)
  An ettin zombie (Hell)
  A guardian serpent skeleton (Crypt:3)
  A hippogriff (shapeshifter) (Vaults:2)
  Sigmund (D:2)
  An ice dragon zombie (Zig:2)
  A centaur simulacrum (D:15)
  An alligator skeleton (Crypt:2)
  8 air elementals
  32 tarantellas
  51 redbacks
  4 flying skulls
  9 ushabtiu
  2 spriggans (shapeshifter)
  7 shadows
  A tarantella (shapeshifter) (Elf:3)
  9 wraiths
  A ynoxinul (Zig:9)
  12 spriggans
  11 water elementals
  2 wyverns
  A spectral komodo dragon (Gauntlet)
  40 yaks
  Eustachio (D:4)
  A fire bat (shapeshifter) (Vaults:3)
  8 basilisks
  A black draconian simulacrum (Hell)
  5 chaos spawn
  3 hungry ghosts
  A steam dragon (shapeshifter) (Vaults:1)
  4 fire elementals
  22 vampire mosquitoes
  A neqoxec (Depths:3)
  4 human simulacra
  Edmund (D:6)
  15 swamp worms
  A steam dragon (D:10)
  8 wargs
  10 insubstantial wisps
  3 acid dragons
  A soldier ant (D:13)
  A faun zombie (Crypt:2)
  A soldier ant (shapeshifter) (Orc:2)
  A naga (Zig:4)
  2 floating eyes
  2 ogre skeletons
  An acid dragon (shapeshifter) (Depths:5)
  13 porcupines
  13 water moccasins
  2 hornet zombies (D:15)
  A hell hound (Zig:12)
  12 swamp drakes
  Duvessa (D:5)
  A torturous demonspawn skeleton (Crypt:1)
  A floating eye (shapeshifter) (Depths:1)
  A swamp dragon zombie (Crypt:3)
  A meliai simulacrum (D:15)
  56 orc warriors
  4 sky beasts
  A gelid demonspawn skeleton (Crypt:2)
  8 ice beasts
  2 ettin simulacra
  4 phantoms
  3 black bears
  An eye of draining (shapeshifter) (Vaults:5)
  31 ogres
  3 elf zombies
  15 boggarts
  6 necrophages
  21 centaurs
  27 wolves
  An elf skeleton (Vaults:3)
  10 crocodiles
  2 crocodiles (shapeshifter) (Vaults:1)
  2 big kobolds
  Blork the orc (D:4)
  20 bullfrogs
  11 earth elementals
  2 elf simulacra (Vaults:1)
  Dowan (D:5)
  A glowing shapeshifter simulacrum (Zig:10)
  A wyvern skeleton (D:14)
  5 scorpions
  12 killer bees
  21 wights
  2 electric eels
  11 crimson imps
  4 howler monkeys
  3 bullfrog zombies
  38 starcursed masses
  A quasit (Depths:4)
  A centaur zombie (D:5)
  12 jellies
  A gnoll shaman (D:7)
  36 orc priests
  5 bullfrog skeletons
  5 hounds
  5 iron imps
  22 orc wizards
  10 centaur skeletons
  3 iguanas
  A porcupine zombie (Crypt:1)
  Terence (D:3)
  12 worker ants
  A killer bee zombie (D:9)
  A naga zombie (Crypt:2)
  A felid skeleton (Crypt:3)
  2 hound skeletons
  A howler monkey zombie (D:10)
  22 mummies
  A worker ant zombie (Crypt:3)
  13 gnolls
  2 howler monkey skeletons
  15 adders
  A steam dragon skeleton (Crypt:3)
  6 shadow imps
  6 white imps
  2 ufetubi (Depths:4)
  7 oozes
  3 worms (D:2)
  2 dart slugs (D:1)
  5 leopard geckos
  134 orcs
  5 giant cockroaches
  9 goblins
  3 jackals (D:10)
  6 quokkas
  A ball python zombie (Crypt:3)
  7 bats
  A dart slug zombie (Crypt:1)
  5 frilled lizards
  A frilled lizard skeleton (Crypt:2)
  A frilled lizard zombie (Crypt:1)
  A jackal zombie (D:5)
  18 kobolds
  A leopard gecko zombie (Crypt:1)
  A quokka skeleton (D:4)
  5 rats
  A rat skeleton (Crypt:2)
  5 briar patches
  2 crawling corpses (Elf:3)
  4 starspawn tentacles (Zig:9)
3025 creatures vanquished.

Vanquished Creatures (others)
  A very ugly thing (Swamp:1)
  An alligator (Zig:13)
  A deep elf knight (Vaults:1)
  A spriggan druid (Zig:13)
  A deep elf mage (Zig:19)
  A moth of wrath (Spider:4)
  2 demonic crawlers (Spider:4)
  An elf zombie (Vaults:1)
  2 redbacks
  An insubstantial wisp (Swamp:2)
  An orc warrior (Vaults:5)
  A crimson imp (D:5)
  An orc priest (D:5)
  2 orc wizards
  An adder (D:5)
  3 orcs
  2 briar patches
  A butterfly (D:5)
  2 fungi
  7 plants
  6 starspawn tentacles (Zig:9)
39 creatures vanquished.

Grand Total: 3064 creatures vanquished

Notes
Turn   | Place    | Note
-------+----------+-------------------------------------------
     0 | D:1      | Peloso the Minotaur Fighter began the quest for the Orb.
     0 | D:1      | Reached XP level 1. HP: 19/19 MP: 0/0
   129 | D:1      | Reached XP level 2. HP: 27/27 MP: 1/1
   633 | D:2      | Found a faded altar of an unknown god.
   635 | D:2      | Noticed Sigmund
   636 | D:2      | Reached XP level 3. HP: 33/33 MP: 2/2
  1138 | D:3      | Reached XP level 4. HP: 40/40 MP: 3/3
  1282 | D:3      | Noticed Terence
  1297 | D:3      | Killed Terence
  1297 | D:3      | Reached skill level 5 in Shields
  1299 | D:3      | Reached XP level 5. HP: 37/47 MP: 4/4
  1698 | D:4      | Noticed Eustachio
  1727 | D:4      | Killed Eustachio
  1727 | D:4      | Reached XP level 6. HP: 45/53 MP: 5/5
  1845 | D:4      | Reached skill level 5 in Long Blades
  1845 | D:4      | Reached skill level 1 in Dodging
  1924 | D:4      | Noticed Blork the orc
  1935 | D:4      | Killed Blork the orc
  1935 | D:4      | Reached skill level 5 in Armour
  2059 | D:4      | Found Kequakie's Distillery.
  2065 | D:4      | Bought a potion of curing for 30 gold pieces
  2103 | D:4      | Found a glowing golden altar of the Shining One.
  2208 | D:4      | Noticed an orc warrior
  2825 | D:3      | Killed an orc warrior
  2825 | D:3      | Reached skill level 5 in Fighting
  2825 | D:3      | Reached XP level 7. HP: 26/61 MP: 6/6
  3397 | D:2      | Killed Sigmund
  3814 | D:5      | Entered Level 5 of the Dungeon
  3814 | D:5      | Noticed Duvessa
  3814 | D:5      | Noticed Dowan
  3821 | D:5      | Killed Duvessa
  3823 | D:5      | Killed Dowan
  3895 | D:5      | Found a staircase to the Ecumenical Temple.
  3906 | D:5      | Reached XP level 8. HP: 68/70 MP: 7/7
  3922 | Temple   | Entered the Ecumenical Temple
  3931 | Temple   | Became a worshipper of Warmaster Okawaru
  3981 | D:5      | Noticed Pikel
  4014 | D:5      | Killed Pikel
  4014 | D:5      | Reached * piety under Okawaru
  4300 | D:5      | Reached skill level 1 in Stealth
  4357 | D:5      | Found a burning altar of Makhleb.
  4400 | D:5      | Found a hide-covered altar of Uskayaw.
  4401 | D:5      | Found a blossoming altar of Fedhas.
  4401 | D:5      | Found a white marble altar of Elyvilon.
  4401 | D:5      | Found an ancient bone altar of Kikubaaqudgha.
  4719 | D:5      | Reached XP level 9. HP: 75/75 MP: 8/8
  4761 | D:5      | Found a stormy altar of Qazlal.
  5098 | D:5      | Got a jewelled chain mail
  5109 | D:5      | Identified the +1 chain mail of Roffuet {MP+9} (You found
                  | it on level 5 of the Dungeon)
  5196 | D:6      | Found an iron altar of Okawaru.
  5216 | D:6      | Reached ** piety under Okawaru
  5438 | D:6      | Noticed Grinder
  5439 | D:6      | Paralysed by Grinder for 2 turns
  5441 | D:6      | Noticed Edmund
  5447 | D:6      | Killed Grinder
  5455 | D:6      | Killed Edmund
  5487 | D:6      | Identified the +6 long sword "Oshagg" {freeze, rF+ rN+}
  5656 | D:6      | Reached *** piety under Okawaru
  5698 | D:6      | Found a bloodstained altar of Trog.
  6281 | D:7      | Reached skill level 10 in Long Blades
  6371 | D:7      | Reached XP level 10. HP: 86/86 MP: 9/9
  6890 | D:8      | Found a hazy altar of Hepliaklqana.
  6892 | D:8      | Found a shadowy altar of Dithmenos.
  7000 | D:8      | Reached **** piety under Okawaru
  7032 | D:8      | HP: 4/86 [killer bee (1)]
  7518 | D:8      | Reached skill level 10 in Shields
  7587 | D:8      | Found an ornate altar of the Wu Jian Council.
  7615 | D:8      | Reached skill level 10 in Armour
  7720 | D:8      | Noticed a two-headed ogre
  7727 | D:8      | Killed a two-headed ogre
  7727 | D:8      | Reached ***** piety under Okawaru
  7979 | D:8      | Found a shimmering altar of Xom.
  8435 | D:9      | Found a snail-covered altar of Cheibriados.
  8572 | D:9      | Found Viyrefiwn's Armour Emporium.
  8872 | D:9      | Found a shimmering blue altar of Sif Muna.
  9141 | D:9      | Found a staircase to the Lair.
  9150 | D:9      | Received a gift from Okawaru
  9153 | D:9      | Got a shimmering plate armour {god gift}
  9164 | D:9      | Identified the +4 plate armour of the Eleven Seers {*Drain
                  | rElec rF+ Str+3} (Okawaru gifted it to you on level 9 of
                  | the Dungeon)
  9287 | D:10     | Entered Level 10 of the Dungeon
  9293 | D:10     | Reached XP level 11. HP: 76/94 MP: 10/10
 10257 | D:10     | Noticed a green ugly thing
 10266 | D:10     | Killed a green ugly thing
 10625 | D:11     | Noticed Urug
 10629 | D:11     | Noticed a white ugly thing
 10637 | D:11     | Killed Urug
 10645 | D:11     | Killed a white ugly thing
 10831 | D:11     | Received a gift from Okawaru
 11086 | D:11     | Found a staircase to the Orcish Mines.
 11436 | Lair:1   | Entered Level 1 of the Lair of Beasts
 11463 | D:9      | Reached XP level 12. HP: 85/105 MP: 11/11
 12119 | Lair:1   | Reached skill level 10 in Fighting
 12729 | Lair:2   | Noticed Fannar
 12757 | Lair:2   | Killed Fannar
 12960 | Lair:2   | Reached skill level 5 in Dodging
 13013 | Lair:2   | Reached ****** piety under Okawaru
 13120 | Lair:2   | Received a gift from Okawaru
 14021 | Lair:3   | Noticed a five-headed hydra
 14166 | D:12     | Noticed Frances
 14176 | D:12     | Killed Frances
 14329 | D:12     | Identified a scroll of acquirement
 15410 | D:13     | Found a gate leading to a gauntlet.
 15422 | Gauntlet | Entered a Gauntlet
 15422 | Gauntlet | Found a transporter.
 15422 | Gauntlet | Found a transporter.
 15422 | Gauntlet | Found a runed translucent door.
 15424 | Gauntlet | Found a runed translucent door.
 15427 | Gauntlet | Found a transporter.
 15427 | Gauntlet | Found a transporter.
 15430 | Gauntlet | Found a transporter.
 15474 | Gauntlet | Found a transporter.
 15474 | Gauntlet | Found a transporter.
 15477 | Gauntlet | Found a transporter.
 15478 | Gauntlet | Noticed a death scarab
 15490 | Gauntlet | Found a transporter.
 15490 | Gauntlet | Noticed a ghost crab
 15503 | Gauntlet | Noticed a ghost crab
 15505 | Gauntlet | Found a runed translucent gate.
 15506 | Gauntlet | Found a transporter.
 15506 | Gauntlet | Found a runed translucent gate.
 15507 | Gauntlet | Found a runed translucent gate.
 15529 | Gauntlet | Noticed a great orb of eyes
 15532 | Gauntlet | Found a transporter.
 15537 | Gauntlet | Found a transporter.
 15583 | Gauntlet | Found a transporter.
 15598 | Gauntlet | Found a transporter.
 15683 | Gauntlet | Received a gift from Okawaru
 15683 | Gauntlet | Reached XP level 13. HP: 114/114 MP: 12/12
 15738 | Gauntlet | Got a crystal glaive
 15821 | Gauntlet | Identified the ring "Xidwougg" {rN+ Int+6}
 15821 | Gauntlet | Noticed a minotaur
 15841 | Gauntlet | Killed a minotaur
 15852 | Gauntlet | Identified Acit's Grimoire of Feathers and Arcane Weapons
 16144 | D:13     | Reached skill level 1 in Invocations
 16988 | D:13     | Received a gift from Okawaru
 16994 | D:13     | Found a runed translucent door.
 16995 | D:13     | Noticed an ettin
 17010 | D:13     | Noticed a ghost moth
 17010 | D:13     | an ice dragon changed into a ghost moth
 17639 | Orc:1    | Entered Level 1 of the Orcish Mines
 17639 | Orc:1    | Noticed Erica
 17849 | D:11     | Killed Erica
 17981 | Orc:1    | Noticed Josephine
 17996 | D:11     | Killed Josephine
 18628 | Orc:1    | Found Doss's Antique Weapon Shop.
 18851 | Orc:1    | Found Leruz's Distillery.
 18859 | Orc:1    | Bought a potion of curing for 33 gold pieces
 18859 | Orc:1    | Bought a potion of curing for 33 gold pieces
 18859 | Orc:1    | Bought a potion of invisibility for 88 gold pieces
 18914 | Orc:1    | Found Yviffim's Food Emporium.
 19161 | Orc:2    | Entered Level 2 of the Orcish Mines
 19301 | Orc:2    | Found a runed translucent door.
 19302 | Orc:2    | Noticed sirjames's ghost (journeyman MiFi)
 19316 | Orc:2    | Reached skill level 15 in Shields
 19657 | Orc:2    | Found Fajyozuo's General Store.
 19691 | Orc:2    | Reached skill level 15 in Long Blades
 19691 | Orc:2    | Reached XP level 14. HP: 35/126 MP: 14/14
 20185 | Orc:2    | Found Oxuteumo's Food Boutique.
 20215 | Orc:2    | Received a gift from Okawaru
 20662 | Orc:2    | Found a staircase to the Elven Halls.
 21316 | Orc:2    | Identified the ring "Icwat" {rElec MP+9 Str+4 Dex+4}
 21413 | Orc:2    | Found Iguemp's Antique Armour Shoppe.
 21413 | Orc:2    | Found Bosh's Book Emporium.
 21413 | Orc:2    | Found a one-way gate leading to the halls of Pandemonium.
 21856 | Orc:2    | Killed sirjames's ghost
 22095 | D:14     | Found a gate to the Vaults.
 22157 | D:14     | Received a gift from Okawaru
 23667 | D:14     | Got a smoking demon blade
 23668 | D:14     | Identified the +5 demon blade of the Peculiar Ears {flame,
                  | rPois Dex+2} (You found it on level 14 of the Dungeon)
 24021 | Lair:3   | Found a staircase to the Swamp.
 24146 | Lair:3   | Received a gift from Okawaru
 24359 | Lair:3   | Found a hole to the Spider Nest.
 24729 | Lair:4   | Reached skill level 15 in Armour
 24748 | Lair:4   | Reached XP level 15. HP: 135/136 MP: 15/15
 25849 | D:12     | Identified the +5 glaive of Lir Kid {freeze, MP+9} (You
                  | found it in a Gauntlet)
 26182 | Lair:5   | Found a staircase to the Slime Pits.
 27189 | Lair:6   | Entered Level 6 of the Lair of Beasts
 27673 | Lair:6   | Received a gift from Okawaru
 28246 | Lair:6   | Got a faintly humming chain mail
 28275 | Lair:6   | Got a translucent buckler
 28281 | Lair:6   | Identified the +3 buckler of Stoicism {Harm Regen+ Int-2
                  | Stlth+} (You found it on level 6 of the Lair of Beasts)
 28294 | Lair:6   | Identified the +12 chain mail of Tizowog {*Slow Str+5} (You
                  | found it on level 6 of the Lair of Beasts)
 28936 | D:15     | Entered Level 15 of the Dungeon
 29032 | D:15     | Received a gift from Okawaru
 29280 | D:15     | Found a frozen archway.
 29284 | IceCv    | Entered an ice cave
 29376 | IceCv    | Reached XP level 16. HP: 122/147 MP: 16/16
 29401 | IceCv    | Got steaming ice dragon scales
 30119 | D:15     | Paralysed by a wizard for 5 turns
 30133 | D:15     | Received a gift from Okawaru
 30170 | D:15     | Found a staircase to the Depths.
 30964 | Swamp:1  | Entered Level 1 of the Swamp
 30970 | Swamp:1  | Reached skill level 15 in Fighting
 31265 | Swamp:1  | You fall into a shaft and drop 1 floor!
 31390 | Swamp:2  | Found a transporter.
 31390 | Swamp:2  | Noticed Qeuhog's ghost (adept GnSk)
 31442 | Swamp:2  | Found a transporter.
 32262 | Swamp:2  | Killed Qeuhog's ghost
 32286 | Swamp:2  | Identified the +9 ice dragon scales "Lomnoa" {rF- rC++
                  | Int+9} (You found it in an ice cave)
 33458 | Swamp:3  | Received a gift from Okawaru
 34054 | Swamp:3  | Noticed a thorn hunter
 34561 | Swamp:3  | Killed a thorn hunter
 34653 | Swamp:3  | Noticed a thorn hunter
 34677 | Swamp:3  | Killed a thorn hunter
 34677 | Swamp:3  | Received a gift from Okawaru
 35048 | Spider:1 | Entered Level 1 of the Spider Nest
 35254 | Spider:1 | Received a gift from Okawaru
 35556 | Spider:1 | Reached XP level 17. HP: 158/158 MP: 17/17
 38017 | Spider:3 | Identified the +3 broad axe of Miqaixzi {vamp, rC+ Stlth+}
                  | (You found it on level 3 of the Spider Nest)
 38028 | Spider:3 | Received a gift from Okawaru
 38052 | Spider:3 | Got a steaming long sword {god gift}
 38053 | Spider:3 | Identified the +1 long sword of Raggomny {flame, Dex+3}
                  | (Okawaru gifted it to you on level 3 of the Spider Nest)
 38125 | Spider:3 | Found the +2 hood of the Assassin {Detection Stab+ Stlth++}
 38135 | Spider:3 | Found a runed translucent door.
 38136 | Spider:3 | Noticed harness's ghost (journeyman FeIE)
 38567 | Spider:3 | Killed harness's ghost
 38635 | Spider:4 | Entered Level 4 of the Spider Nest
 39035 | Spider:4 | Received a gift from Okawaru
 39632 | Spider:4 | Got a gossamer rune of Zot
 39784 | Spider:4 | Identified Roxanne's Volume of Transformation
 39784 | Spider:4 | Noticed Roxanne
 39802 | Spider:4 | Killed Roxanne
 39994 | Spider:4 | Noticed Uwun Dum's ghost (adept GnWz)
 39995 | Spider:4 | Found a transporter.
 40003 | Spider:4 | Found a transporter.
 40774 | Spider:4 | Killed Uwun Dum's ghost
 40948 | Swamp:4  | Entered Level 4 of the Swamp
 41923 | D:9      | Reached XP level 18. HP: 168/168 MP: 19/19
 42413 | Swamp:4  | Received a gift from Okawaru
 42859 | Swamp:4  | Noticed Aizul
 42874 | Swamp:4  | Killed Aizul
 43187 | Swamp:4  | Noticed Mara
 43248 | Swamp:4  | Noticed Peloso's illusion
 44030 | Swamp:4  | Noticed Bai Suzhen
 44046 | Swamp:4  | Killed Bai Suzhen
 44269 | Swamp:4  | Noticed a tentacled monstrosity
 44281 | Swamp:4  | Killed a tentacled monstrosity
 44289 | Swamp:4  | Noticed Peloso's illusion
 44685 | Swamp:4  | Noticed Peloso's illusion
 44693 | Swamp:4  | Killed Mara
 44852 | Swamp:4  | Got a decaying rune of Zot
 45282 | Vaults:1 | Entered Level 1 of the Vaults
 45517 | Vaults:1 | Received a gift from Okawaru
 45531 | Vaults:1 | Identified a +1 pair of boots of running (Okawaru gifted it
                  | to you on level 1 of the Vaults)
 46772 | Vaults:1 | Reached XP level 19. HP: 155/177 MP: 20/20
 47113 | Vaults:1 | Received a gift from Okawaru
 47232 | Vaults:1 | Paralysed by a yaktaur for 3 turns
 47740 | Elf:1    | Entered Level 1 of the Elven Halls
 48111 | Elf:1    | Received a gift from Okawaru
 48158 | Elf:1    | Identified the +2 quarterstaff of Peace {vorpal, rN+ MR+
                  | Dex+3} (Okawaru gifted it to you on level 1 of the Elven
                  | Halls)
 48899 | Elf:1    | Identified Kibboegh's Compendium of Supportive
                  | Confrontation
 49059 | Elf:3    | Entered Level 3 of the Elven Halls
 49059 | Elf:3    | Noticed Louise
 49067 | Elf:3    | Killed Louise
 49103 | Elf:2    | Received a gift from Okawaru
 49211 | Elf:2    | Found a runed translucent gate.
 49211 | Elf:2    | Found a runed translucent gate.
 49221 | Elf:2    | Found a runed translucent gate.
 49938 | Elf:2    | Received a gift from Okawaru
 50159 | Elf:3    | Acquired a +3 double sword of protection
 50280 | Elf:3    | Noticed Donald
 50297 | Elf:3    | Killed Donald
 50548 | Elf:3    | Acquired 2650 gold pieces
 50741 | Elf:3    | Reached XP level 20. HP: 150/189 MP: 21/21
 51913 | Elf:2    | Found Haduniwk's Antique Armour Emporium.
 52856 | Elf:3    | Identified the +5 morningstar "Aphuzim" {vorpal, Int+3
                  | SInv}
 52856 | Elf:3    | Identified the amulet "Iceeneyrgh" {*Drain *Slow rPois
                  | Regen+ Int+6}
 52890 | Elf:3    | Received a gift from Okawaru
 52904 | Elf:3    | Identified the amulet of Zayss {RegenMP MR- Str+7 Int+5}
 52904 | Elf:3    | Identified the amulet of Cochom {Reflect Slay+4 SH+5}
 52904 | Elf:3    | Identified the cursed +1 chain mail "Paup" {rElec}
 52919 | Elf:3    | Identified the +5 whip of the Briny Deep {flame, Str+2}
 52919 | Elf:3    | Identified the ring "Feom" {rCorr Dex+2}
 52936 | Elf:3    | HP: 1/189 [deep elf high priest/damnation (38)]
 53656 | Elf:3    | Identified the cursed +3 trident of the Inferno {vorpal,
                  | *Contam *Corrode +Fly rElec}
 53804 | Elf:3    | Identified the Handbook of Gliding Earth
 53817 | Elf:3    | Identified Lepol's Handbook of Transmutation and Clay
 53831 | Elf:3    | Identified the Catalogue of Doomed Combat Magic
 53845 | Elf:3    | Got a pitted hand crossbow
 53846 | Elf:3    | Identified the +8 hand crossbow "Jogeum" {speed, MP+9
                  | Dex+6} (You found it on level 3 of the Elven Halls)
 53854 | Elf:3    | Identified the Grimoire of Dislocation and Shape Shifting
 54068 | Elf:3    | Identified the ring of Ryemoth {rF+ Str+3 Slay-4 Stlth+}
 54868 | Vaults:2 | Received a gift from Okawaru
 54880 | Vaults:2 | Got a warped hat {god gift}
 54900 | Vaults:2 | Identified the +4 hat of Okawaru's Whim {rC- Regen+ Str+6
                  | SInv} (Okawaru gifted it to you on level 2 of the Vaults)
 55062 | Vaults:2 | Noticed Mennas
 55063 | Vaults:2 | Noticed Sojobo
 55198 | Vaults:1 | Killed Mennas
 55333 | Vaults:2 | Killed Sojobo
 55573 | Vaults:2 | Received a gift from Okawaru
 55574 | Vaults:2 | Reached XP level 21. HP: 199/199 MP: 22/22
 55973 | Vaults:2 | Found a staircase to the Crypt.
 55973 | Vaults:2 | Found an ancient bone altar of Kikubaaqudgha.
 55974 | Vaults:2 | Found a basalt altar of Yredelemnul.
 56407 | Vaults:3 | Found Ozxaaf's Armour Shop.
 57000 | Vaults:3 | Noticed an ancient lich
 57003 | Vaults:3 | Paralysed by an ancient lich for 5 turns
 57016 | Vaults:3 | Killed an ancient lich
 58542 | Vaults:4 | Received a gift from Okawaru
 58562 | Vaults:4 | Got an ichor-stained kite shield {god gift}
 58568 | Vaults:4 | Identified the +3 kite shield "Maabijonk" {rC+ Str-5
                  | Dex+10} (Okawaru gifted it to you on level 4 of the Vaults)
 58886 | Vaults:5 | Entered Level 5 of the Vaults
 59114 | Vaults:4 | Found Joafouho's Antique Armour Shop.
 59126 | Vaults:4 | Bought steaming pearl dragon scales for 3001 gold pieces
 59129 | Vaults:4 | Identified the cursed +1 pearl dragon scales of Lasoiw {rN+
                  | MP+9 Int+3 Slay+2} (You bought it in a shop on level 4 of
                  | the Vaults)
 59943 | Vaults:5 | Received a gift from Okawaru
 59943 | Vaults:5 | Reached XP level 22. HP: 172/211 MP: 23/23
 60126 | Vaults:5 | Noticed Margery
 60148 | Vaults:4 | Killed Margery
 60653 | Vaults:5 | Got a silver rune of Zot
 60658 | Vaults:5 | Noticed a golden dragon
 60665 | Vaults:5 | Killed a golden dragon
 60700 | Vaults:5 | Reached skill level 27 in Shields
 60743 | Vaults:5 | Received a gift from Okawaru
 60846 | Vaults:5 | Got an iridescent falchion {god gift}
 61347 | D:12     | Identified the +10 falchion "Epsyurgh" {holy, Int+4}
                  | (Okawaru gifted it to you on level 5 of the Vaults)
 61879 | Vaults:5 | Identified the ring "Ximeekue" {rF+ Int+6}
 62069 | Vaults:5 | Noticed a golden dragon
 62077 | Vaults:5 | Killed a golden dragon
 62077 | Vaults:5 | Received a gift from Okawaru
 62098 | Vaults:5 | Reached XP level 23. HP: 156/222 MP: 25/25
 62260 | Vaults:5 | Identified the Collected Works on Dusty Black Arts
 62270 | Vaults:5 | Got a distressingly furry chain mail
 62271 | Vaults:5 | Identified the +5 chain mail of Ethics {Int+6 Dex-2 SInv}
                  | (You found it on level 5 of the Vaults)
 63404 | Depths:1 | Entered Level 1 of the Depths
 63409 | Depths:1 | Found a gateway to Hell.
 63502 | Depths:1 | Found a one-way gate to the infinite horrors of the Abyss.
 63771 | Depths:1 | Found Volaar's Weapon Emporium.
 63785 | Depths:1 | Found Sischiff's Gadget Emporium.
 63885 | Depths:1 | Bought a wand of clouds (5) for 459 gold pieces
 63899 | Depths:1 | Reached skill level 1 in Evocations
 64289 | Depths:2 | Found a gateway to a ziggurat.
 64304 | Depths:2 | Paralysed by an ogre mage for 4 turns
 64864 | Depths:2 | Noticed a caustic shrike
 64871 | Depths:2 | Killed a caustic shrike
 64910 | Depths:2 | Received a gift from Okawaru
 64934 | Depths:2 | Got a masterwork tower shield {god gift}
 64940 | Depths:2 | Identified the +1 tower shield "Dadilen" {rC+ Regen+ Dex+4
                  | SInv} (Okawaru gifted it to you on level 2 of the Depths)
 65209 | Depths:2 | Noticed a caustic shrike
 65217 | Depths:2 | Killed a caustic shrike
 65325 | Depths:2 | Identified the +1 chain mail "Heym" {rF- Str+4 Dex+2} (You
                  | found it on level 2 of the Depths)
 65327 | Depths:2 | Identified the +4 short sword of the Shining Light {vorpal,
                  | MR+} (You found it on level 2 of the Depths)
 65462 | Depths:2 | Paralysed by a floating eye for 3 turns
 65777 | Depths:2 | Reached XP level 24. HP: 227/235 MP: 25/25
 65871 | Depths:3 | Paralysed by a floating eye for 4 turns
 66075 | Depths:3 | Found a runed translucent gate.
 66109 | Depths:3 | Received a gift from Okawaru
 66171 | Depths:3 | Found a runed translucent gate.
 66171 | Depths:3 | Found a runed translucent gate.
 66171 | Depths:3 | Noticed Irphifebats's ghost (adept TrMo)
 67132 | Depths:3 | Killed Irphifebats's ghost
 67364 | Depths:4 | Found Ymure's Jewellery Emporium.
 67365 | Depths:4 | Found Cukuirurr's Gadget Shop.
 67365 | Depths:4 | Found Ruicrez's Gadget Shop.
 67436 | Depths:4 | Received a gift from Okawaru
 68620 | Depths:4 | Reached XP level 25. HP: 244/244 MP: 25/25
 68839 | Depths:5 | Entered Level 5 of the Depths
 69020 | Depths:5 | Received a gift from Okawaru
 69754 | Depths:5 | Received a gift from Okawaru
 69995 | Depths:5 | Found a gate to the Realm of Zot.
 70579 | Crypt:1  | Entered Level 1 of the Crypt
 70998 | Crypt:1  | Found a runed translucent door.
 71359 | Crypt:1  | Noticed Weanat's ghost (veteran CeHu)
 71398 | Crypt:1  | Killed Weanat's ghost
 71475 | Crypt:2  | Paralysed by a vampire knight for 4 turns
 72280 | Crypt:3  | Entered Level 3 of the Crypt
 72318 | Crypt:3  | Reached XP level 26. HP: 247/258 MP: 25/25
 72430 | Crypt:3  | Received a gift from Okawaru
 72449 | Crypt:3  | Got a transparent scale mail {god gift}
 72858 | Crypt:3  | Noticed a greater mummy
 72918 | Crypt:3  | Killed a greater mummy
 73119 | Crypt:3  | Found a staircase to the Tomb.
 73338 | Crypt:3  | Identified the ring of Law {+Fly rF+ MR++ Stlth+}
 73622 | Crypt:3  | Reached skill level 5 in Invocations
 74280 | Crypt:3  | Identified the Reference Book on Evil Arts
 74521 | Crypt:1  | Identified the +0 scale mail of the Gate {Int+3} (Okawaru
                  | gifted it to you on level 3 of the Crypt)
 75050 | Hell     | Entered the Vestibule of Hell
 75050 | Hell     | Noticed Geryon
 75386 | Hell     | Reached skill level 27 in Long Blades
 75428 | Hell     | Killed Geryon
 75608 | Zot:1    | Entered Level 1 of the Realm of Zot
 75655 | Zot:1    | Reached skill level 1 in Unarmed Combat
 76062 | Zot:1    | Reached skill level 27 in Fighting
 76327 | Zot:1    | Received a gift from Okawaru
 76332 | Zot:1    | Got a bloodstained scimitar {god gift}
 77311 | Zot:2    | Identified the +8 scimitar "Mawasis" {drain, rC+ Int+7}
                  | (Okawaru gifted it to you on level 1 of the Realm of Zot)
 77458 | Zot:3    | Received a gift from Okawaru
 77471 | Zot:3    | Identified the +1 scimitar of a Thousand Lovers {vorpal,
                  | rElec Int+4} (Okawaru gifted it to you on level 3 of the
                  | Realm of Zot)
 77516 | Zot:3    | Reached XP level 27. HP: 263/263 MP: 26/26
 77599 | Zot:3    | Identified the +4 dragonskin cloak
 77599 | Zot:3    | Noticed Tiamat
 77619 | Zot:3    | Killed Tiamat
 77678 | Zot:3    | Received a gift from Okawaru
 77785 | Zot:3    | Identified the +7 chain mail of Ungaach {Str+10 Dex-3}
                  | (Okawaru gifted it to you on level 3 of the Realm of Zot)
 80190 | D:4      | Bought a potion of resistance for 100 gold pieces
 80190 | D:4      | Bought a potion of resistance for 100 gold pieces
 80749 | Zig:1    | Entered Level 1 of a ziggurat
 80762 | Zig:2    | Entered Level 2 of a ziggurat
 80775 | Zig:2    | Got a vibrating jade ring
 80780 | Zig:2    | Identified the ring "Vorulai" {rElec Str+4 Stlth+} (You
                  | found it on level 2 of a ziggurat)
 80785 | Zig:3    | Entered Level 3 of a ziggurat
 80804 | Zig:3    | Identified the Incunabulum of Curses and Boosts
 80814 | Zig:4    | Entered Level 4 of a ziggurat
 80871 | Zig:5    | Entered Level 5 of a ziggurat
 80918 | Zig:5    | Got a pitted marble ring
 80919 | Zig:5    | Identified the ring of Kaininu {rC+ Str+4 Int+4} (You found
                  | it on level 5 of a ziggurat)
 81027 | Zig:6    | Entered Level 6 of a ziggurat
 81055 | Zig:6    | Reached skill level 27 in Armour
 81066 | Zig:6    | Received a gift from Okawaru
 81204 | Zig:7    | Entered Level 7 of a ziggurat
 81272 | Zig:7    | Identified the cursed +2 long sword of Kindness {elec,
                  | Int+6} (You found it on level 7 of a ziggurat)
 81328 | Zig:8    | Entered Level 8 of a ziggurat
 81428 | Zig:8    | Got a shimmering turquoise ring
 81429 | Zig:8    | Identified the ring "Vafuv" {rPois rN+ Str+4} (You found it
                  | on level 8 of a ziggurat)
 81473 | Zig:9    | Entered Level 9 of a ziggurat
 81502 | Zig:9    | Reached skill level 10 in Invocations
 81525 | Zig:9    | Paralysed by accursed screaming for 2 turns
 81527 | Zig:9    | HP: 11/263 [starcursed mass (9)]
 81532 | Zig:9    | HP: 8/263 [??? (3)]
 81535 | Zig:9    | Paralysed by accursed screaming for 1 turns
 81747 | Zig:9    | Found the +2 ratskin cloak {+Rats rPois rN+ Str-1 Int-1
                  | Dex+1}
 81782 | Zig:10   | Entered Level 10 of a ziggurat
 81810 | Zig:10   | Noticed an ancient lich
 81822 | Zig:10   | Killed an ancient lich
 81853 | Zig:10   | Paralysed by accursed screaming for 2 turns
 81990 | Zig:11   | Entered Level 11 of a ziggurat
 82066 | Zig:11   | Gained mutation: You are frail. (-10% HP) [a shining eye]
 82074 | Zig:11   | Received a gift from Okawaru
 82106 | Zig:11   | Identified the Compendium of Shifting Boosts
 82114 | Zig:11   | Got a clouded ruby amulet
 82115 | Zig:11   | Identified the amulet of Tempters {rPois Regen+} (You found
                  | it on level 11 of a ziggurat)
 82127 | Zig:11   | Identified the Handbook of the Mountains and Darkness
 82134 | Zig:12   | Entered Level 12 of a ziggurat
 82165 | Zig:12   | Reached skill level 5 in Crossbows
 82177 | Zig:12   | HP: 10/245 [reaper/+0 vampiric scythe (7)]
 82321 | Zig:12   | Got a crude cloak
 82326 | Zig:12   | Got an ichor-stained cloak
 82352 | Zig:12   | Identified the +1 cloak of the Harvest {+Inv rCorr Str+5}
                  | (You found it on level 12 of a ziggurat)
 82362 | Zig:12   | Identified the +2 cloak "Zehub" {MR+ rCorr} (You found it
                  | on level 12 of a ziggurat)
 82395 | Zig:13   | Entered Level 13 of a ziggurat
 82645 | Zig:14   | Entered Level 14 of a ziggurat
 82674 | Zig:14   | Noticed a greater mummy
 82676 | Zig:14   | Noticed a greater mummy
 82682 | Zig:14   | Killed a greater mummy
 82685 | Zig:14   | Killed a greater mummy
 82685 | Zig:14   | Received a gift from Okawaru
 82691 | Zig:14   | HP: 10/244 [torment (5)]
 82905 | Zig:14   | Found the +4 moon troll leather armour {Spirit, Regen++
                  | MP+5}
 82915 | Zig:14   | Reached skill level 1 in Throwing
 82926 | Zig:14   | Got a slimy bone ring
 82948 | Zig:14   | Identified the ring "Kaurait" {rElec rPois Str+3 Int-2
                  | Slay+2} (You found it on level 14 of a ziggurat)
 82952 | Zig:14   | Identified the +6 scimitar of Qirar {speed, rPois} (You
                  | found it on level 14 of a ziggurat)
 83057 | Zig:15   | Entered Level 15 of a ziggurat
 83096 | Zig:15   | Received a gift from Okawaru
 83131 | Zig:15   | Found the +8 trident of the Octopus King {venom, rElec
                  | rPois MR+}
 83248 | Zig:15   | Reached skill level 10 in Crossbows
 83248 | Zig:15   | Reached skill level 10 in Dodging
 83248 | Zig:15   | Reached skill level 5 in Stealth
 83248 | Zig:15   | Reached skill level 1 in Spellcasting
 83263 | Zig:15   | Identified the Disquisition on the Creative Rocks
 83271 | Zig:15   | Got a vibrating marble ring
 83273 | Zig:15   | Identified the ring "Puecoeny" {Fire rElec} (You found it
                  | on level 15 of a ziggurat)
 83452 | Zig:16   | Entered Level 16 of a ziggurat
 83516 | Zig:16   | Received a gift from Okawaru
 83570 | Zig:16   | Got a slimy pewter ring
 83572 | Zig:16   | Identified the ring "Lafrek" {rElec rF+ rC- rN+ EV+4} (You
                  | found it on level 16 of a ziggurat)
 83577 | Zig:16   | Identified Qeprua Acism's Collected Works on Translocation
 83590 | Zig:16   | Identified the Catalogue of Icy Enhancements
 83649 | Zig:17   | Entered Level 17 of a ziggurat
 83693 | Zig:17   | Received a gift from Okawaru
 83704 | Zig:17   | Received a gift from Okawaru
 83704 | Zig:17   | Reached skill level 15 in Invocations
 84060 | Zig:18   | Entered Level 18 of a ziggurat
 84092 | Zig:18   | Received a gift from Okawaru
 84255 | Zig:18   | Found the +10 tower shield of Ignorance {rN+ Int-4}
 84262 | Zig:18   | Got a coiled bronze ring
 84264 | Zig:18   | Identified the ring "Cyaver" {Fire +Inv Int+4} (You found
                  | it on level 18 of a ziggurat)
 84467 | Zig:19   | Entered Level 19 of a ziggurat
 84501 | Zig:19   | Received a gift from Okawaru
 84592 | Zig:19   | Identified the Handbook of Floating Sinister Arts
 84761 | Zig:20   | Entered Level 20 of a ziggurat
 84833 | Zig:20   | HP: 11/245 [reaper/+8 vorpal scythe (21)]
 84854 | Zig:20   | Killed from afar by a shadow dragon zombie

Illustrated notes

Levels and vault maps discovered:
D:1:      matt_arrival_refuge, layout_rooms
D:2:      layout_loops_cross, first_ration,
          chequers_ecumenical_altar_simple_redux, uniq_sigmund
D:3:      layout_loops_corners, uniq_terence
D:4:      layout_cave_pools, nicolae_overflow_crystal_walls, serial_shops, shop,
          minivault_27, due_unseen_surprise, uniq_eustachio, uniq_blork_the_orc
D:5:      layout_gridville, grunt_temple_overflow_open,
          nicolae_qazlal_general_emergency, minmay_temple_entry_butterflies,
          uniq_duvessa, uniq_pikel
D:6:      layout_rooms, hangedman_feature_mirror, minmay_manual_mares,
          uniq_grinder, uniq_edmund
D:7:      layout_rooms
D:8:      layout_cave_pools, riverfiend_overflow_shadow_ancestor,
          kennysheep_little_box, lemuel_round_altar
D:9:      layout_stronghold, lemuel_crystal_altar, cheibriados_altar_1,
          grunt_lair_entry_orc_guard_hut, serial_shops, shop
D:10:     layout_loops_ring, hangedman_little_slice_of_home
D:11:     layout_roguey, david_orc_1_choice, uniq_urug
D:12:     layout_gridville, uniq_frances
D:13:     layout_long_grid, gauntlet_entry_generic, kennysheep_treasure_room
D:14:     layout_stronghold, erik_vaults_2, hangedman_decor_push
D:15:     grunt_enter_depths_magical_seal, layout_layer_cave,
          portal_ice_cave_entry_pillars_1, chequers_big_river
Temple:   compressed_dpeg_triangle_lava_temple
Lair:1:   layout_gridlike, grunt_forest_large_clearings
Lair:2:   beast_lair_carwin_large_2, layout_cave_pods, uniq_fannar
Lair:3:   layout_chaotic_city, swamp_mist, spider_nest_entry_funnel_web
Lair:4:   layout_layer_cave, pond
Lair:5:   layout_layer_cave, minmay_slime_entry_pillars, serial_bayou_shore_b
Lair:6:   grunt_lair_end_beastmaster, layout_regular_city,
          grunt_forest_stairs_basic, grunt_megastairs_2
Swamp:1:  layout_falls_marsh, hangedman_swamp_cone
Swamp:2:  layout_falls_marsh, gammafunk_ghost_arena, hangedman_swamp_diagram,
          infiniplex_staircase_pool_2
Swamp:3:  layout_falls_marsh, serial_swamp_ruin, evilmike_swamp_ruin_house_2,
          evilmike_swamp_ruin_house_1, evilmike_swamp_ruin_house_5, swamp_pool1
Swamp:4:  swamp_vile, layout_basic_swamp, swamp_pool5, roderic_carrion_pond,
          uniq_bai_suzhen, uniq_mara, uniq_aizul
Spider:1: layout_spider_delve
Spider:2: layout_spider_delve
Spider:3: layout_spider_delve, ebering_ghost_inner_flame
Spider:4: spider_rune_water, gammafunk_ghost_arena, uniq_roxanne
Orc:1:    layout_caves, serial_shops, shop, nicolae_shop_statue_plus, shop,
          uniq_josephine, uniq_erica
Orc:2:    pf_orc_diabolical, layout_diamond_mine, ebering_ghost_inner_flame
Elf:1:    elf_arrival_002, layout_geoelf_octagon, minmay_elf_sorcery,
          st_stairs_8, solitary_fountain
Elf:2:    layout_loops_cross, serial_shops, shop_statue, dk_noncrumbling_4
Elf:3:    minmay_elf_hall_quartered_circle, layout_loops_corners,
          guppyfry_library_mini, uniq_louise, uniq_donald
Vaults:1: vaults_room_grunt_arrival_checkpoint, vaults_room_semicircle,
          v_pattern_1, grunt_vaults_funnel, v_misc_9, nicolae_vaults_what_the_h,
          nicolae_vaults_network_quinsquares
          [nicolae_vaults_network_quincunx_subvault,
          nicolae_vaults_network_quincunx_subvault,
          nicolae_vaults_network_quincunx_subvault,
          nicolae_vaults_network_quincunx_subvault], nicolae_vaults_theta,
          ontoclasm_vaults_gallery, nicolae_vaults_theta,
          vaults_room_stairs_pillars, ontoclasm_vaults_gateway,
          vaults_room_stairs_pillars, layout_vaults_omnibox
Vaults:2: hangedman_vaults_cutoff, hangedman_vaults_cutoff,
          minmay_crypt_entry_necro_gods, v_alt_pattern_2,
          vaults_mumra_minichess, vaults_room_guarded_vault,
          nicolae_vaults_alarming, hangedman_vaults_maws,
          layout_vaults_omnigrid, uniq_mennas, uniq_sojobo
Vaults:3: ontoclasm_vaults_bender, vaults_dpeg_doors,
          nicolae_vaults_ring_of_whatevers, vaults_room_semicircle,
          grunt_vaults_swirl, v_misc_16, st_spiral_rooms, grunt_vaults_focal,
          vaults_mumra_lcd, layout_vaults_big_room, serial_shops,
          nicolae_shop_crystal
Vaults:4: hangedman_vaults_pinch, ontoclasm_vaults_idyll,
          hangedman_vaults_restitches, vaults_mumra_hexcomb, v_misc_19,
          grunt_vaults_twisty, v_misc_3, v_misc_27, layout_vaults_omnicross,
          serial_shops, shop_fountains
Vaults:5: uniq_margery
Crypt:1:  layout_chaotic_city, ebering_ghost_reflecting_pool,
          skrybe_necro_troll_2, grunt_crypt_arrival_guarded_gate
Crypt:2:  layout_regular_city, serial_sigils, serial_sigils_hangedman_gnaw,
          serial_sigils_hangedman_shear, serial_sigils_hangedman_scar,
          serial_sigils_hangedman_etch, minivault_14
Crypt:3:  due_elkab, layout_chaotic_city, tomb_entry_simple_bobbens
Depths:1: layout_cave_shapes, hell_entry, abyss_entry, kennysheep_potato,
          serial_bayou_shore_a, minmay_shop_star
Depths:2: angbandy_vault, layout_gridville, enter_ziggurat_a,
          minmay_strange_pillars, hell_entry, pan_entry
Depths:3: kennysheep_room_grid, layout_cave_pools, rand_demon_pan_entry_1,
          hell_entry, abyss_entry, grunt_decor_one_mirror,
          ebering_ghost_rock_garden, minmay_fractal_squares_gapless_7
Depths:4: minmay_blocking_statues, layout_cave_shapes,
          abyss_entry_small_statue_room, grunt_pan_entry_spiral, hell_entry,
          serial_bayou_shore_b, infiniplex_staircase_trident, minmay_shop_grove
Depths:5: evilmike_zot_entry_hall, layout_gridville, grunt_hell_entry_dis_grunt,
          special_room [special_room_jelly]
Hell
Zot:1:    layout_concentric_octagons, st_stairs_11,
          hangedman_zot_diagonal_lockstep
Zot:2:    layout_cathedral_of_symmetry
Zot:3:    layout_gridlike, st_single_dragon_hoard_3, uniq_tiamat
Zot:4:    layout_gridlike
Zig:20:   ziggurat_pillar_centre_dispersal, ziggurat_pillar_centre_dispersal,
          ziggurat_pillar_centre_dispersal, ziggurat_pillar_centre_dispersal

Skill      XL: |  1  2  3  4  5  6  7  8  9 10 11 12 13 14 15 16 17 18 19 20 21 22 23 24 25 26 27 |
---------------+----------------------------------------------------------------------------------+-----
Fighting       | 4 5 6 7 8 9 10 12 13 14 15 16 17 18 19 20 21 23 24 26 27 | 27.0
Shields        | 4 5 6 7 9 10 11 13 15 16 18 19 21 22 23 25 26 27 | 27.0
Armour         | 4 5 6 7 9 10 11 12 13 15 16 17 18 19 20 21 22 24 27 | 27.0
Long Blades    | 3 4 5 6 8 10 11 13 14 15 16 17 18 19 20 21 22 23 25 26 27 | 27.0
Dodging        | 1 2 3 4 5 6 7 8 9 10 | 10.3
Stealth        | 1 2 3 4 6 |  6.2
Invocations    | 1 2 3 4 6 16 | 16.6
Evocations     | 1 4 |  4.6
Unarmed Combat | 1 3 |  3.9
Crossbows      | 14 | 14.6
Slings         | 3 |  3.5
Throwing       | 3 |  3.3
Spellcasting   | 2 |  2.2

Action                   |  1- 3 |  4- 6 |  7- 9 | 10-12 | 13-15 | 16-18 | 19-21 | 22-24 | 25-27 || total
-------------------------+-------+-------+-------+-------+-------+-------+-------+-------+-------++-------
Melee: Long sword        |    76 |   121 |    76 |   727 |   853 |       |       |       |       ||  1853
       Headbutt          |    10 |    19 |    52 |   179 |   420 |   556 |   470 |   532 |   793 ||  3031
       Falchion          |       |       |   188 |       |       |       |       |       |   509 ||   697
       Demon blade       |       |       |       |       |   480 |  1596 |  1402 |  1335 |   278 ||  5091
       Double sword      |       |       |       |       |       |       |       |       |  1286 ||  1286
       Unarmed           |       |       |       |       |       |       |       |       |     2 ||     2
 Fire: Hand crossbow     |       |       |       |       |       |       |     2 |       |    65 ||    67
Invok: Heroism           |       |       |       |     2 |    10 |    19 |     8 |     5 |    23 ||    67
       Finesse           |       |       |       |       |     3 |     2 |       |     1 |     9 ||    15
Evoke: Wand              |       |       |       |     4 |       |       |       |     3 |     1 ||     8
  Use: Scroll            |     4 |       |     1 |    18 |    14 |    13 |    10 |    14 |    56 ||   130
       Potion            |     3 |     1 |       |     5 |       |     6 |     4 |       |    33 ||    52
 Stab: Petrified         |       |       |       |       |     5 |       |       |       |       ||     5
       Petrifying        |       |       |       |       |     1 |     1 |       |       |       ||     2
       Distracted        |       |       |       |       |       |       |     1 |       |       ||     1
       Confused          |       |       |       |       |       |       |       |       |     1 ||     1
  Eat: Chunk             |     1 |     4 |    13 |    29 |    29 |    30 |    33 |    20 |    27 ||   186
       Ration            |       |       |       |     1 |     4 |     8 |     2 |     2 |     7 ||    24
Armor: Scale mail        |    27 |    48 |       |       |       |       |       |       |       ||    75
       Chain mail        |       |       |   130 |    96 |       |       |       |       |       ||   226
       Plate armour      |       |       |       |   293 |   502 |   557 |   317 |   131 |       ||  1800
       Gold dragon scale |       |       |       |       |       |       |       |   303 |   854 ||  1157
       Pearl dragon scal |       |       |       |       |       |       |       |       |    75 ||    75
Dodge: Dodged            |    39 |    50 |    70 |   236 |   387 |   497 |   296 |   341 |   854 ||  2770
       Repelled          |       |       |       |    18 |    20 |    16 |    11 |       |       ||    65
Block: Kite shield       |    47 |    81 |   160 |   527 |  1021 |  1614 |  1153 |   881 |       ||  5484
       Reflection        |       |       |       |       |    13 |    55 |    91 |    93 |    81 ||   333
       Tower shield      |       |       |       |       |       |       |   201 |   783 |  3418 ||  4402
       Rpst.: Long sword |     6 |    15 |     7 |    62 |    54 |       |       |       |       ||   144
       Falchion          |       |       |    14 |       |       |       |       |       |    14 ||    28
       Demon blade       |       |       |       |       |    32 |    74 |    58 |    38 |    15 ||   217
       Double sword      |       |       |       |       |       |       |       |       |    93 ||    93
